 Dungeon Crawl Stone Soup version 0.32-a0-163-g159c032296 (webtiles) character file.

Game seed: 18136372796446495715

357 Ceno the Grave Robber (level 6, 0/44 HPs)
             Began as a Gnoll Necromancer on Feb 11, 2024.
             Slain by an orc
             ... wielding a +4 dagger
              (5 damage)
             ... on level 4 of the Dungeon.
             The game lasted 00:09:34 (3436 turns).

Ceno the Grave Robber (Gnoll Necromancer)           Turns: 3436, Time: 00:09:35

Health: 0/44       AC:  7    Str: 10    XL:     6   Next: 64%
Magic:  3/14       EV: 11    Int: 20    God:
Gold:   195        SH:  0    Dex: 12    Spells: 2/15 levels left

rFire   . . .        l - +0 short sword
rCold   . . .        (no shield)
rNeg    . . .        c - +0 ring mail
rPois   .            o - +0 helmet
rElec   .            (no cloak)
rCorr   .            (no gloves)
SInv    .            m - +0 pair of boots
Will    .....        d - amulet of the acrobat
Stlth   +            v - +6 ring of intelligence
HPRegen 0.27/turn    (no ring)
MPRegen 0.14/turn

%: acrobat
@: confused, animating dead
A: fangs 1, strong nose, distributed training
a: no special abilities


You were on level 4 of the Dungeon.
You visited 1 branch of the dungeon, and saw 4 of its levels.

You collected 195 gold pieces.

Inventory:

Hand Weapons
 l - a +0 short sword (weapon)
 r - a +0 quarterstaff
 w - a +0 morningstar
Missiles
 h - 41 stones (quivered)
 n - 3 poisoned darts
Armour
 c - a +0 ring mail (worn)
 f - a +0 scale mail
 m - a +0 pair of boots (worn)
 o - a +0 helmet (worn)
Jewellery
 d - an amulet of the acrobat (around neck)
 v - a +6 ring of intelligence (left hand)
Scrolls
 a - a scroll of identify
 e - 2 scrolls of torment
 p - a scroll of poison {unknown}
 q - a scroll of vulnerability {unknown}
 s - a scroll of blinking
 t - a scroll of amnesia {unknown}
Potions
 b - a potion of magic
 g - 3 potions of curing
 i - a potion of mutation {unknown}
 j - a potion of heal wounds {unknown}
 k - 2 potions of degeneration
 u - a potion of cancellation {unknown}


   Skills:
 + Level 2.1 Fighting
 + Level 2.1 Short Blades
 + Level 2.1 Long Blades
 + Level 2.1 Axes
 + Level 2.1 Maces & Flails
 + Level 2.1 Polearms
 + Level 2.1 Staves
 + Level 2.1 Ranged Weapons
 + Level 2.1 Throwing
 + Level 2.1 Armour
 + Level 5.0 Dodging
 + Level 4.7 Stealth
 + Level 2.1 Shields
 + Level 2.1 Unarmed Combat
 + Level 5.4 Spellcasting
 + Level 1.7 Conjurations
 + Level 1.7 Hexes
 + Level 1.7 Summonings
 + Level 7.3 Necromancy
 + Level 1.7 Translocations
 + Level 1.7 Fire Magic
 + Level 1.7 Ice Magic
 + Level 1.7 Air Magic
 + Level 1.7 Earth Magic
 + Level 1.7 Alchemy
 + Level 2.3 Invocations
 + Level 2.1 Evocations
 + Level 1.9 Shapeshifting


You had 2 spell levels left.
You knew the following spells:

 Your Spells              Type           Power      Damage    Failure   Level
a - Necrotise             Necr           100%       1d9       1%          1
b - Vampiric Draining     Necr           34%        2d8       4%          3
c - Animate Dead          Necr           34%        N/A       14%         4
d - Curse of Agony        Necr           34%        N/A       36%         5

Your spell library contained the following spells:

 Spells                   Type           Power      Damage    Failure   Level


Dungeon Overview and Level Annotations

Branches:
Dungeon (4/15)             Temple (0/1) D:4

Altars:
Cheibriados
Nemelex Xobeh
Ru
Wu Jian

Annotations:
D:4 2 transporters


Innate Abilities, Weirdness & Mutations

You have very sharp teeth.
Your uncanny sense of smell can sniff out nearby items.
Your experience applies equally to all skills.


Message History

The orc is almost dead.
You hear some strange, mumbled words.
Something tries to affect you, but you resist.
Your orc wizard zombie hits the bombardier beetle but does no damage.
The orc closely misses you.
The bombardier beetle barely misses your orc wizard zombie.
Something hits you but does no damage.
You hit the orc.
You kill the orc!
The dead are walking!
Something hits you but does no damage.
Your orc wizard zombie hits the bombardier beetle.
Something hits you. x2
The bombardier beetle closely misses you.
Your orc wizard zombie hits the bombardier beetle.
Items here: )) [[.
You hit the bombardier beetle.
The bombardier beetle is lightly wounded.
Something hits you.
Your orc zombie hits the bombardier beetle but does no damage.
You hit the bombardier beetle.
The bombardier beetle is moderately wounded.
You hear some strange, mumbled words.
You are confused.
Your orc wizard zombie closely misses the bombardier beetle.
The bombardier beetle completely misses you.
Something hits you.
Something barely misses your orc wizard zombie.
Your orc zombie closely misses the bombardier beetle.
You closely miss something. The orc hits you with a +4 dagger.
You hear some strange, mumbled words.
Something tries to affect you, but you resist.
You hear some strange, mumbled words.
A puff of flame appears from out of thin air!
The puff of flame hits you!
* * * LOW HITPOINT WARNING * * *
Your orc wizard zombie hits the bombardier beetle.
You closely miss your orc wizard zombie.
Your orc wizard zombie is moderately damaged.
The orc hits you with a +4 dagger.
You die...

∆ .........#####
#.# ##.#.####.# #
.....####.#
#.....##.#######
#.#.##........
#.####.....).######
#......Z.....#
######Z#######
#{@BZ.....
#o{.~~~...
#..~§§§~..
#.§§§§~§~.
#.~§~>§§~.
##~§~§§~§)
#.~~§§~.. #..~§§...


You could see a bombardier beetle (ally target), an orc, a friendly orc zombie,
a friendly orc wizard zombie and a friendly orc skeleton.

Vanquished Creatures
  A centaur (D:4)
  A bullfrog (D:4)
  A bombardier beetle (D:3)
  An orc wizard (D:4)
  5 gnolls
  5 adders
  A ribbon worm (D:2)
  A dart slug (D:3)
  2 orcs (D:4)
  6 endoplasms
  2 giant cockroaches
  5 goblins
  4 hobgoblins
  4 quokkas
  4 ball pythons
  2 bats (D:3)
  2 frilled lizards (D:1)
  4 kobolds
  3 rats
54 creatures vanquished.

Vanquished Creatures (collateral kills)
  A ball python (D:3)
  2 goblins
3 creatures vanquished.

Grand Total: 57 creatures vanquished

Notes
Turn   | Place    | Note
-------+----------+-------------------------------------------
     0 | D:1      | Ceno the Gnoll Necromancer began the quest for the Orb.
     0 | D:1      | Reached XP level 1. HP: 13/13 MP: 6/6
   138 | D:1      | Reached XP level 2. HP: 20/20 MP: 0/7
   670 | D:1      | Reached skill level 5 in Spellcasting
   670 | D:1      | Reached XP level 3. HP: 25/25 MP: 6/9
   674 | D:1      | Learned a level 3 spell: Vampiric Draining
   820 | D:2      | Reached skill level 1 in Invocations
   894 | D:2      | Found a sacrificial altar of Ru.
   989 | D:2      | Reached skill level 1 in Fighting
   989 | D:2      | Reached skill level 1 in Short Blades
   989 | D:2      | Reached skill level 1 in Long Blades
   989 | D:2      | Reached skill level 1 in Axes
   989 | D:2      | Reached skill level 1 in Maces & Flails
   989 | D:2      | Reached skill level 1 in Polearms
   989 | D:2      | Reached skill level 1 in Staves
   989 | D:2      | Reached skill level 1 in Ranged Weapons
   989 | D:2      | Reached skill level 1 in Throwing
   989 | D:2      | Reached skill level 1 in Armour
   989 | D:2      | Reached skill level 1 in Shields
   989 | D:2      | Reached skill level 1 in Unarmed Combat
   989 | D:2      | Reached skill level 1 in Evocations
  1530 | D:3      | Reached skill level 1 in Shapeshifting
  1530 | D:3      | Reached XP level 4. HP: 32/32 MP: 8/11
  1639 | D:3      | Found an ornate altar of the Wu Jian Council.
  1646 | D:3      | Found a snail-covered altar of Cheibriados.
  1664 | D:3      | Reached skill level 1 in Conjurations
  1664 | D:3      | Reached skill level 1 in Hexes
  1664 | D:3      | Reached skill level 1 in Summonings
  1664 | D:3      | Reached skill level 1 in Translocations
  1664 | D:3      | Reached skill level 1 in Fire Magic
  1664 | D:3      | Reached skill level 1 in Ice Magic
  1664 | D:3      | Reached skill level 1 in Air Magic
  1664 | D:3      | Reached skill level 1 in Earth Magic
  1664 | D:3      | Reached skill level 1 in Alchemy
  1832 | D:3      | Reached XP level 5. HP: 35/37 MP: 12/12
  3001 | D:4      | Found a transporter.
  3017 | D:4      | Learned a level 4 spell: Animate Dead
  3023 | D:4      | Learned a level 5 spell: Curse of Agony
  3059 | D:4      | Found a transporter.
  3092 | D:4      | Reached XP level 6. HP: 37/44 MP: 9/13
  3236 | D:4      | Reached skill level 5 in Dodging
  3277 | D:4      | Found a sparkling altar of Nemelex Xobeh.
  3415 | D:4      | Found a staircase to the Ecumenical Temple.
  3436 | D:4      | Slain by an orc

Illustrated notes

Levels and vault maps discovered:
D:1:      psy_arrival_wood_between_worlds, layout_basic, nicolae_the_louvre
D:2:      layout_basic, basic_altar
D:3:      minmay_angry_zag, layout_basic, mainiacjoe_overflow_big_doors
D:4:      gammafunk_steamed_eel, layout_loops_cross,
          nicolae_overflow_crystal_walls, minmay_temple_entry_mist,
          serial_shops, nicolae_shop_behind_doors, serial_bayou_pond_e

Skill      XL: |  1  2  3  4  5  6 |
---------------+-------------------+-----
Spellcasting   | 5 |  5.4
Invocations    | 1 2 |  2.3
Fighting       | 1 2 |  2.1
Short Blades   | 1 2 |  2.1
Long Blades    | 1 2 |  2.1
Axes           | 1 2 |  2.1
Maces & Flails | 1 2 |  2.1
Polearms       | 1 2 |  2.1
Staves         | 1 2 |  2.1
Ranged Weapons | 1 2 |  2.1
Throwing       | 1 2 |  2.1
Armour         | 1 2 |  2.1
Shields        | 1 2 |  2.1
Unarmed Combat | 1 2 |  2.1
Evocations     | 1 2 |  2.1
Shapeshifting  | 1 |  1.9
Conjurations   | 1 |  1.7
Hexes          | 1 |  1.7
Summonings     | 1 |  1.7
Translocations | 1 |  1.7
Fire Magic     | 1 |  1.7
Ice Magic      | 1 |  1.7
Air Magic      | 1 |  1.7
Earth Magic    | 1 |  1.7
Alchemy        | 1 |  1.7
Dodging        | 5 |  5.0
Stealth        | |  4.7
Necromancy     | |  7.3

Action                     |  1- 3 |  4- 6 || total
---------------------------+-------+-------++-------
  Melee: Unarmed           |    13 |       ||    13
         Bite              |     3 |     4 ||     7
         Short sword       |     4 |    54 ||    58
         Punch             |       |     1 ||     1
   Cast: Necrotise         |    46 |    38 ||    84
         Vampiric Draining |     1 |     9 ||    10
         Animate Dead      |       |     1 ||     1
    Use: Scroll            |     1 |     3 ||     4
   Stab: Sleeping          |     1 |     5 ||     6
 Armour: Robe              |     6 |    18 ||    24
         Ring mail         |       |    32 ||    32
  Dodge: Dodged            |    11 |    74 ||    85

Table legend: (Time is in decaauts)
 A = Elapsed time spent in this place.
 B = Non-inter-level travel time spent in this place.
 C = Inter-level travel time spent in this place.
 D = Time resting spent in this place.
 E = Time spent auto-exploring this place.
 F = Levels seen in this place.
 G = Mean time per level.
                   A        B        C        D        E       F      G
               +--------+--------+--------+--------+--------+-----+--------+
         Total |   3431 |   3294 |    137 |    222 |   1849 |   4 |  857.8 |
       Dungeon |   3431 |   3294 |    137 |    222 |   1849 |   4 |  857.8 |
               +--------+--------+--------+--------+--------+-----+--------+

Top non-repeatable levels by time:
     D:3: 1395 daAuts
     D:2: 842 daAuts
     D:1: 760 daAuts
     D:4: 433 daAuts
